 Dungeon Crawl Stone Soup version 0.31-a0-150-g89dc3ad700 (webtiles) character file.

Game seed: 17063274644550074878

84 qw the Shooter (level 4, -5/38 HPs)
             Began as a Minotaur Hunter on June 8, 2023.
             Slain by a worm (9 damage)
             ... on level 3 of the Dungeon.
             The game lasted 00:00:34 (1608 turns).

qw the Shooter (Minotaur Hunter)                    Turns: 1608, Time: 00:00:34

Health: -5/38      AC:  3    Str: 15    XL:     4   Next: 24%
Magic:  3/3        EV: 12    Int:  6    God:
Gold:   170        SH:  0    Dex: 16    Spells: 3/3 levels left

rFire   + . .        Y - +1 shortbow (heavy)
rCold   . . .        (shield currently unavailable)
rNeg    . . .        c - +0 leather armour
rPois   .            (helmet restricted)
rElec   .            (no cloak)
rCorr   .            (no gloves)
SInv    .            (no boots)
Will    .....        e - amulet of regeneration
Stlth   +            i - ring of protection from fire
HPRegen 1.06/turn    (no ring)
MPRegen 0.08/turn

%: no passive effects
@: no status effects
A: horns 2, retaliatory headbutt
a: no special abilities


You were on level 3 of the Dungeon.
You visited 1 branch of the dungeon, and saw 3 of its levels.

You collected 170 gold pieces.


Innate Abilities, Weirdness & Mutations

You have a pair of horns on your head.
You reflexively headbutt those who attack you in melee.


   Skills:
 + Level 3.2 Fighting
 - Level 6.0 Ranged Weapons
 - Level 2.1 Dodging
 - Level 0.7 Stealth


You had 3 spell levels left.
You didn't know any spells.
Your spell library was empty.

Inventory:

Hand Weapons
 Y - a +1 heavy shortbow (weapon)
Armour
 c - a +0 leather armour (worn)
Jewellery
 e - an amulet of regeneration (around neck)
 i - a ring of protection from fire (left hand)
Scrolls
 d - a scroll of identify
Potions
 b - a potion of might {unknown}
 f - 5 potions of curing
 h - a potion of berserk rage {unknown}

Dungeon Overview and Level Annotations

Branches:
Dungeon (3/15)

Altars:


Message History

You shoot an arrow. The orc shouts!
The arrow hits the adder!
You kill the adder!
You hear a shout!
You hear an angry hiss. x2
An orc comes into view. It is wielding a +0 trident.
A ball python comes into view.
Your Ranged Weapons skill increases to level 6!
You have reached level 4!
You feel agile.
You shoot an arrow. The orc shouts!
The arrow hits the adder!
You kill the adder!
You shoot an arrow. The arrow barely misses the worm.
You shoot an arrow. The arrow hits the worm!
The worm is heavily wounded.
The ball python bites you. The ball python grabs you.
The ball python constricts you.
You shoot an arrow. The arrow hits the ball python.
The ball python is moderately wounded.
The ball python bites you. The ball python constricts you.
The orc hits you from afar with a +0 trident.
The orc hits you with a +0 hand axe. The ball python barely misses you.
The ball python constricts you. The worm bites you.
You shoot an arrow. The arrow hits the ball python.
The ball python is heavily wounded.
The orc hits you from afar with a +0 trident.
The orc barely misses you. The orc misses you.
The ball python bites you but does no damage.
The ball python constricts you. The orc hits you with a +0 club.
The orc hits you with a +0 hand axe.
The orc hits you from afar with a +0 trident.
The ball python closely misses you. The ball python constricts you.
The worm bites you.
You shoot an arrow. The arrow hits the ball python!
You kill the ball python!
The orc hits you but does no damage. The orc closely misses you.
The orc hits you with a +0 hand axe. The orc hits you with a +0 club.
The orc barely misses you. The worm bites you!
You die...

#.........
#.........
#../..>...
#.........
###........#
#..........#
#...ow......
#.@.o%....
#.o...:..#
#........#
##.......#
##.....##
##..(..
..... .....


You could see a worm and 3 orcs.

Vanquished Creatures
  5 adders
  A worm (D:2)
  2 dart slugs (D:1)
  5 ball pythons
  2 endoplasms
  A giant cockroach (D:1)
  2 goblins (D:1)
  3 hobgoblins
  3 quokkas
  3 bats
  A frilled lizard (D:2)
  2 kobolds (D:1)
  7 rats
37 creatures vanquished.

Notes
Turn   | Place    | Note
-------+----------+-------------------------------------------
     0 | D:1      | qw the Minotaur Hunter began the quest for the Orb.
     0 | D:1      | Reached XP level 1. HP: 18/18 MP: 0/0
     0 | D:1      | 0 ||| qw: Version: 0.2-a-119-g7aa9181
     0 | D:1      | 0 ||| qw: Game counter: 2797
     0 | D:1      | 0 ||| qw: Always use a shield: true
     0 | D:1      | 0 ||| qw: God list: Okawaru
     0 | D:1      | 0 ||| qw: Allow faded altars: false
     0 | D:1      | 0 ||| qw: Do Orc after D:15 true
     0 | D:1      | 0 ||| qw: Do second Lair branch before Depths: true
     0 | D:1      | 0 ||| qw: Lair rune preference: random
     0 | D:1      | 0 ||| qw: Plans: Normal
     0 | D:1      | 0 ||| PLANNING D:1-11
   215 | D:1      | Found a faded altar of an unknown god.
   240 | D:1      | Reached XP level 2. HP: 25/25 MP: 1/1
   244 | D:1      | Reached skill level 5 in Ranged Weapons
   394 | D:1      | Reached skill level 3 in Fighting
   800 | D:1      | 800 ||| DROPPING scarf of harm.
   801 | D:1      | 801 ||| UPGRADING to amulet of regeneration.
   806 | D:1      | 806 ||| UPGRADING to ring of protection from fire.
   807 | D:1      | 807 ||| READING scroll labelled FINAKH FEKKAI.
   812 | D:1      | 812 ||| READING scroll labelled DEGREIR LYIT.
   913 | D:1      | 913 ||| DRINKING 3 black potions.
   914 | D:1      | 914 ||| DROPPING scroll of butterflies.
  1053 | D:2      | Reached XP level 3. HP: 31/31 MP: 2/2
  1586 | D:2      | 1586 ||| READING scroll labelled GITHRO FOMOYRGHALYJO.
  1587 | D:2      | 1587 ||| READING 2 scrolls labelled ZAXUIMEDGHI.
  1588 | D:2      | 1588 ||| READING scroll labelled DETABR FAFE.
  1603 | D:3      | Reached skill level 6 in Ranged Weapons
  1603 | D:3      | Reached XP level 4. HP: 38/38 MP: 3/3
  1608 | D:3      | HP: 8/38 [orc/+0 hand axe (6)]
  1608 | D:3      | Slain by a worm

Levels and vault maps discovered:
D:1:      minmay_arrival_up_and_down, layout_loops_ring,
          hellmonk_ecumenical_altar_heavens_door
D:2:      layout_loops_ring, serial_aquarium, aquarium_bridge_straight
          [aquarium_subvault_bridge, aquarium_subvault_wall,
          aquarium_subvault_bridge, aquarium_subvault_wall],
          aquarium_window_corridor_3, aquarium_window_corner, aquarium_view_2a,
          aquarium_balcony_5a
D:3:      layout_rooms, nicolae_tso_carved_into_rock, kennysheep_path_1,
          st_stairs_6, uniq_jessica, uniq_natasha

Skill      XL: |  1  2  3 |
---------------+----------+-----
Ranged Weapons | 5 6 |  6.0
Fighting       | 3 |  3.2
Dodging        | |  2.1
Stealth        | |  0.7

Action                     |  1- 3 |  4- 6 || total
---------------------------+-------+-------++-------
   Fire: Shortbow          |   120 |     6 ||   126
    Use: Scroll            |     5 |       ||     5
         Potion            |     1 |       ||     1
 Armour: Leather armour    |     8 |     2 ||    10
  Dodge: Dodged            |    30 |     6 ||    36

Table legend:
 A = Non-vault XP
 B = Vault XP
 C = Vault XP percentage of total XP
 D = Non-vault monster count
 E = Vault monster count
 F = Vault count percentage of total count
                 A         B        C        D         E       F
            +---------+---------+-------+---------+---------+-------
      Total |     110 |      13 |  10.6 |      36 |       1 |   2.7
            +---------+---------+-------+---------+---------+-------
        D:1 |      35 |       0 |   0.0 |      20 |       0 |   0.0
        D:2 |      60 |       0 |   0.0 |      14 |       0 |   0.0
        D:3 |      15 |      13 |  46.4 |       2 |       1 |  33.3
            +---------+---------+-------+---------+---------+-------
